Description

skip scvs and orbital command at 2:56

Replay - 2000 Atmosphären LE (52)

Build Order

Get SALT Encoding   

  12  0:00  SCV  
  13  0:12  SCV  
  14  0:16  Supply Depot  
  14  0:24  SCV  
  15  0:38  SCV  
  15  0:39  Barracks  
  16  0:43  Refinery  
  16  0:50  SCV  
  17  1:02  SCV  
  18  1:14  SCV  
  19  1:27  Orbital Command  
  19  1:31  Barracks Reactor  
  19  1:39  Command Center  
  19  1:47  Refinery  
  19  1:52  SCV  
  20  1:59  Supply Depot  
  20  2:05  Factory  
  20  2:08  SCV  
  21  2:15  Marine x2  
  23  2:21  SCV  
  24  2:25  Bunker  
  24  2:34  Factory  
  24  2:38  Marine x2  
  24  2:44  SCV  skip orbital command for now
  27  3:07  Barracks Reactor  
  27  3:09  Hellion x2, Armory  
  31  3:19  Starport  
  31  3:22  Factory Tech Lab  
  31  3:31  Hellion x2  
  35  3:42  Infernal Pre-Igniter  
  35  3:44  Hellion  
  37  3:52  Hellion x2  
  41  4:02  Supply Depot  
  41  4:04  Medivac  
  43  4:13  Medivac  
  49  4:24  Hellion x2  
  49  4:27  Supply Depot  
  49  4:34  Medivac  
  51  4:40  Hellion  
  53  4:49  Hellion x2  
  55  4:53  Medivac  
  55  4:59  Supply Depot  
  59  5:08  Orbital Command  
  59  5:09  SCV  
  60  5:25  Siege Tank, Barracks  
  60  5:27  Factory Reactor  
  63  5:30  SCV x2  
  63  5:33  Supply Depot  
  65  5:44  Barracks Tech Lab  
  65  5:47  SCV  
  65  5:49  Barracks  
  66  5:53  SCV  
  67  5:59  SCV  
  68  6:05  SCV  
  68  6:11  Siege Tank, SCV  
  60  6:13  Marine x2  
  60  6:18  SCV  
  58  6:23  SCV  
  58  6:24  Marine  
  60  6:30  Marine x2, SCV  
  63  6:37  SCV x2  
  64  6:46  Siege Tank  
  64  6:48  Marine x2  
  64  6:50  SCV x2, Command Center  
  65  6:59  Marine x3  
  68  7:02  SCV x2  
  68  7:08  Supply Depot  
  75  7:22  Supply Depot  
Spawning Tool Build Advisor. Get it on Overwolf

Go to:

Details

  • Created by: lucahecker
  • Published on: Mar 14, 2022
  • Modified on: Mar 14, 2022
  • Patch: 4.11.0
  • Difficulty: Medium
Show
View Real Time Build Order
Export as new Build Order

Comments (0)

There are no comments. Be the first!

Create an account to comment!